 Dungeon Crawl Stone Soup version bcrawl-1.40.3b (webtiles) character file.

Game seed: 5384906912055659802

231339 Galewind the Destroyer (level 7, 0/37 HPs)
             Began as an Avariel Conjurer on Mar 14, 2024.
             Killed from afar by Dowan (11 damage)
             ... with a shard of ice
             ... on level 4 of the Dungeon.
             The game lasted 00:03:29 (3256 turns).

Galewind the Destroyer (Avariel Conjurer)           Turns: 3256, Time: 00:03:29

Health: 0/37       AC:  6    Str:  6    XL:     7   Next: 41%
Magic:  17/19      EV: 12    Int: 23    God:
Gold:   220        SH:  0    Dex: 13    Spells: 13/19 levels left

rFire    . . .     GDR:     25%   - Fists (2.6)
rCold    . . .     SeeInvis .   (no shield)
rNeg     . . .     Gourm    .   a - +0 robe
rPois    .         Faith    .   h - +2 hat
rElec    .         Spirit   .   g - +1 cloak
rCorr    .         Reflect  .   (no gloves)
MR       .....                  (no boots)
Stlth    ++........             (no amulet)
HPRegen  0.16/turn              (no ring)
MPRegen  0.16/turn              (no ring)

@: lightly drained
A: no striking features
a: no special abilities


You were on level 4 of the Dungeon.
You were hungry.

You visited 1 branch of the dungeon, and saw 4 of its levels.

You collected 220 gold pieces.

Inventory:

Armour
 a - a +0 robe (worn)
 g - a +1 cloak (worn)
 h - a +2 hat (worn)
Scrolls
 f - 2 scrolls of remove curse {unknown}
 j - 2 scrolls of blinking {unknown}
 k - 2 scrolls of fog {unknown}
 l - a scroll of fear {unknown}
 m - 2 scrolls of amnesia {unknown}
 q - a scroll of enchant weapon {unknown}
 t - a scroll of teleportation {unknown}
Potions
 b - a potion of heal wounds
 d - 4 potions of curing
 i - a potion of lignification {unknown}
 n - a potion of haste {unknown}
 o - a potion of ambrosia
 p - a potion of cancellation {unknown}
 r - a potion of invisibility {unknown}
 s - a potion of degeneration {unknown}
 u - 2 potions of agility {unknown}
Comestibles
 e - 11 rations {!d}
 v - a chunk of flesh


   Skills:
 + Level 0.3(0.1) Fighting
 + Level 2.7(2.4) Dodging
 - Level 2.1(1.9) Stealth
 + Level 6.7(6.4) Spellcasting
 + Level 9.0(8.7) Conjurations


You had 13 spell levels left.
You knew the following spells:

 Your Spells              Type           Power        Failure   Level  Hunger
a - Magic Dart            Conj           ####         1%          1    None
b - Searing Ray           Conj           #####...     1%          2    None
c - Iskenderun's Mystic   Conj           #####...     1%          3    #......

Your spell library contained the following spells:

 Spells                   Type           Power        Failure   Level  Hunger
 Fulminant Prism          Conj/Hex       ####......   14%         4    ####...
 Irradiate                Conj/Tmut      ####......   36%         5    #####..


Dungeon Overview and Level Annotations

Branches:
Dungeon (4/12)
 Temple: D:4-7

Altars:
Gozag

Annotations:
D:3 3 runed translucent doors, Wachungys's ghost, novice NaVM
D:4 Dowan


Message History

Aim: Dowan, wielding a +1 dagger of draining and wearing a +0 robe (fast)
The orb of energy hits Dowan!
Dowan is heavily wounded.
The orb of energy explodes!
Unknown command.
You aren't carrying any items that you can evoke.
Magic courses through your body.
Dowan hits you with a +1 dagger of draining.
* * * LOW HITPOINT WARNING * * *
You feel drained.
Casting: Iskenderun's Mystic Blast (safe; 1% risk of failure)
Confirm with . or Enter, or press ? or * to list all spells.
Aiming: Iskenderun's Mystic Blast (safe; 1% risk of failure)
Press: ? - help, Shift-Dir - straight line, f/p - Dowan
Aim: Dowan, wielding a +1 dagger of draining and wearing a +0 robe (heavily wounded, fast)
The orb of energy hits Dowan!
Dowan is almost dead.
Dowan points at you and mumbles some strange words.
The shard of ice hits you!
You die...

....# #..# ##...## ###.##
...... ..### ##.....####....#
............##..##..........#
...............#
###........##
...............# ###.......#
...... ........## ##.....##
... .........# ##.....#
.........## ##.....#
........e@## ##......##
...........####........#
......................##
......................#
.....................##
###.................##
##.^........>...###
##............##
#.............#


You could see Dowan.

Vanquished Creatures
  Menkaure (D:4)
  Duvessa (D:4)
  A sky beast (D:4)
  A crimson imp (D:4)
  Jessica (D:2)
  Robin (D:2)
  8 adders
  A shadow imp (D:3)
  2 oozes
  8 worms (D:2)
  An adder skeleton (D:4)
  3 dart slugs
  3 leopard geckos
  7 orcs
  3 ball pythons
  2 giant cockroaches
  16 hobgoblins
  7 jackals
  3 quokkas
  6 bats
  3 frilled lizards
  10 goblins (D:2)
  13 kobolds
  3 rats
105 creatures vanquished.

Notes
Turn   | Place    | Note
-------+----------+-------------------------------------------
     0 | D:1      | Galewind the Avariel Conjurer began the quest for the Orb.
     0 | D:1      | Reached XP level 1. HP: 10/10 MP: 6/6
   131 | D:1      | Reached XP level 2. HP: 15/15 MP: 4/7
   153 | D:1      | Reached skill level 6 in Conjurations
   181 | D:1      | Learned a level 2 spell: Searing Ray
   683 | D:1      | Reached XP level 3. HP: 19/19 MP: 6/9
   687 | D:1      | Learned a level 3 spell: Iskenderun's Mystic Blast
  1205 | D:2      | Noticed Jessica
  1210 | D:2      | Killed Jessica
  1211 | D:2      | Reached skill level 7 in Conjurations
  1211 | D:2      | Reached XP level 4. HP: 21/24 MP: 4/11
  1614 | D:2      | Reached XP level 5. HP: 28/28 MP: 9/13
  1707 | D:2      | Noticed Robin
  1720 | D:2      | Killed Robin
  2519 | D:3      | Found a runed translucent gate.
  2519 | D:3      | Found a runed translucent gate.
  2519 | D:3      | Found a runed translucent gate.
  2520 | D:3      | Found an opulent altar of Gozag.
  2521 | D:3      | Noticed Wachungys's ghost (novice NaVM)
  2653 | D:3      | Reached skill level 5 in Spellcasting
  2659 | D:3      | Reached XP level 6. HP: 32/32 MP: 8/15
  2955 | D:4      | Reached skill level 8 in Conjurations
  3056 | D:4      | Noticed a sky beast
  3059 | D:4      | Killed a sky beast
  3237 | D:4      | Noticed Menkaure
  3242 | D:4      | Noticed Duvessa
  3245 | D:4      | Killed Menkaure
  3246 | D:4      | Reached XP level 7. HP: 12/36 MP: 13/18
  3250 | D:4      | Noticed Dowan
  3253 | D:4      | Killed Duvessa
  3254 | D:4      | Reached skill level 9 in Conjurations
  3256 | D:4      | Killed from afar by Dowan

Skill      XL: |  1  2  3  4  5  6  7 |
---------------+----------------------+-----
Conjurations   | 6 7 8 9 |  9.0
Spellcasting   | 3 4 5 6 |  6.7
Fighting       | |  0.3
Dodging        | |  2.7
Stealth        | |  2.1

Action                   |  1- 3 |  4- 6 |  7- 9 || total
-------------------------+-------+-------+-------++-------
Melee: Unarmed           |       |     9 |       ||     9
 Cast: Magic Dart        |    63 |   118 |       ||   181
       Searing Ray       |       |     7 |     1 ||     8
       Iskenderun's Myst |       |     9 |     4 ||    13
  Use: Scroll            |     2 |     1 |       ||     3
       Potion            |       |     1 |     1 ||     2
  Eat: Chunk             |     2 |     8 |       ||    10
Armor: Robe              |       |    12 |       ||    12
Dodge: Dodged            |     8 |    28 |     2 ||    38
